 Dungeon Crawl Stone Soup version 0.31.0-1-g2c135a0 (webtiles) character file.

Game seed: 12017539848937984899

27652 jagoly the Severer (level 13, -1/84 HPs)
             Began as a Gargoyle Monk on Feb 2, 2024.
             Was an Elder of the Shining One.
             Slain by a seven-headed hydra (9 damage)
             ... on level 4 of the Lair of Beasts.
             The game lasted 01:04:12 (6646 turns).

jagoly the Severer (Gargoyle Monk)                  Turns: 6646, Time: 01:04:13

Health: -1/84      AC: 39    Str: 20    XL:     13   Next: 33%
Magic:  12/14      EV:  4    Int: 11    God:    the Shining One [****..]
Gold:   703        SH: 12    Dex: 12    Spells: 12/12 levels left

rFire   . . .        b - +4 flail
rCold   . . .        u - +0 buckler
rNeg    + + +        Q - +0 crystal plate armour
rPois   ∞            h - +0 helmet
rElec   +            e - +0 cloak
rCorr   .            L - +0 pair of gloves
SInv    .            n - +0 pair of boots
Will    +....        j - amulet of regeneration Stlth
                     Y - +4 ring of protection
HPRegen 1.14/turn    O - ring of willpower
MPRegen 0.14/turn

%: no passive effects
@: divinely shielded, glowing
A: sickness immunity, AC +9, negative energy resistance 1, electricity
resistance, torment resistance 1, petrification resistance
a: Renounce Religion, Divine Shield, Cleansing Flame


You were on level 4 of the Lair of Beasts.
You worshipped the Shining One.
The Shining One was greatly pleased with you.
You visited 3 branches of the dungeon, and saw 17 of its levels.

You collected 703 gold pieces.

Inventory:

Hand Weapons
 a - a +0 war axe
 b - a +4 flail (weapon)
 w - a +2 dagger of venom
 y - a +0 morningstar
 H - a +3 spear
Missiles
 f - 4 curare-tipped darts
 q - 5 poisoned darts
 t - 68 stones (quivered)
 A - 2 throwing nets
 G - 11 boomerangs
 U - 2 javelins
Armour
 e - a +0 cloak (worn)
 h - a +0 helmet (worn)
 n - a +0 pair of boots (worn)
 u - a +0 buckler (worn)
 L - a +0 pair of gloves (worn)
 N - a +0 kite shield
 Q - a +0 crystal plate armour (worn)
Jewellery
 j - an amulet of regeneration (around neck)
 r - the ring of Riggekeo {Ice rElec rN+++ Will- Str+6}
   (You found it on level 2 of the Dungeon)

   [ring of ice]

   Ice:       It enhances your ice magic.
   Str+6:     It affects your strength (+6).
   rF-:       It makes you vulnerable to fire.
   rC+:       It protects you from cold.
   rElec:     It insulates you from electricity.
   rN+++:     It renders you almost immune to negative energy.
   Will-:     It decreases your willpower.
 O - a ring of willpower (right hand)
 T - a +6 ring of intelligence
 V - a ring of ice
 Y - a +4 ring of protection (left hand)
Wands
 C - a wand of quicksilver (11)
 E - a wand of flame (33)
 R - a wand of charming (4)
Scrolls
 i - 3 scrolls of fog
 o - 4 scrolls of silence
 p - a scroll of enchant armour {unknown}
 z - a scroll of acquirement {unknown}
 B - a scroll of revelation {unknown}
 D - a scroll of brand weapon {unknown}
 F - a scroll of noise {unknown}
 I - 4 scrolls of identify
 J - a scroll of vulnerability {unknown}
 M - 2 scrolls of teleportation {unknown}
 P - a scroll of fear {unknown}
 X - a scroll of immolation {unknown}
Potions
 d - a potion of heal wounds {unknown}
 g - a potion of cancellation {unknown}
 k - a potion of might {unknown}
 l - 2 potions of enlightenment {unknown}
 m - 2 potions of resistance
 s - a potion of mutation {unknown}
 v - a potion of berserk rage {unknown}
 x - a potion of haste {unknown}
 K - a potion of lignification {unknown}
 S - 2 potions of brilliance {unknown}
 W - a potion of magic {unknown}


   Skills:
 + Level 11.0 Fighting
 + Level 15.0 Axes
 - Level 2.0 Throwing
 + Level 9.6 Armour
 - Level 5.0 Dodging
 - Level 6.0 Shields
 - Level 2.0 Invocations


You had 12 spell levels left.
You didn't know any spells.
Your spell library contained the following spells:

 Spells                   Type           Power      Damage    Failure   Level
 Summon Small Mammal      Summ           0%         N/A       100%        1
 Lesser Beckoning         Tloc           0%         N/A       100%        2
 Static Discharge         Conj/Air       0%         3-3/arc   100%        2
 Call Canine Familiar     Summ           0%         N/A       100%        3
 Gell's Gravitas          Tloc           0%         N/A       100%        3
 Ozocubu's Armour         Ice            0%         N/A       100%        3
 Teleport Other           Tloc           0%         N/A       100%        3
 Airstrike                Air            0%         2d(0-16)  100%        4
 Manifold Assault         Tloc           0%         N/A       100%        4
 Summon Blazeheart Golem  Fire/Summ      0%         N/A       100%        4
 Summon Lightning Spire   Summ/Air       0%         N/A       100%        4
 Metabolic Englaciation   Hex/Ice        0%         N/A       100%        5
 Dispersal                Tloc           0%         N/A       100%        6
 Sculpt Simulacrum        Ice/Alch       0%         N/A       100%        6
 Disjunction              Tloc           0%         N/A       100%        8


Dungeon Overview and Level Annotations

Branches:
Dungeon (11/15) Zot: 25953  Temple (1/1) D:6 Zot: 5998    Lair (5/5) D:8 Zot: 26976
  Snake (0/4) Lair:2
  Swamp: Lair:2-3    Shoals: Lair:2-3     Slime: Lair:4-5       Orc: D:9-12

Altars:
Ashenzari
Cheibriados
Dithmenos
Elyvilon
Fedhas
Gozag
Hepliaklqana
Kikubaaqudgha
Makhleb
Nemelex Xobeh
Okawaru
Qazlal
Ru
Sif Muna
Trog
Uskayaw
Vehumet
Wu Jian
Xom
Yredelemnul
Zin
The Shining One


Innate Abilities, Weirdness & Mutations

You are immune to sickness and miasma.
Your stone body is resilient. (AC +9)
You are immune to poison.
You resist negative energy. (rN+)
You are resistant to electric shocks. (rElec)
You are resistant to unholy torment.
You are immune to petrification.


Message History

Aim: a black mamba (severely wounded, haloed, about 32% to evade your +0 war axe)
You closely miss the black mamba.
The black mamba is severely wounded.
The black mamba misses you.
Cleave: a) +0 war axe
Press: ? - help, Dir - move target, f/p - black mamba
Aim: a black mamba (severely wounded, haloed, about 32% to evade your +0 war axe)
You hit the black mamba but do no damage.
The black mamba is severely wounded.
The black mamba closely misses you.
The black mamba bites you but does no damage.
Cleave: a) +0 war axe
Press: ? - help, Dir - move target, f/p - black mamba
Aim: a black mamba (severely wounded, haloed, about 32% to evade your +0 war axe)
You closely miss the black mamba.
The black mamba is severely wounded.
You block the black mamba's attack.
Cleave: a) +0 war axe
Press: ? - help, Dir - move target, f/p - black mamba
Aim: a black mamba (severely wounded, haloed, about 32% to evade your +0 war axe)
You hit the black mamba.
The black mamba is severely wounded.
The black mamba bites you!
* * * LOW HITPOINT WARNING * * *
Cleave: a) +0 war axe
Press: ? - help, Dir - move target, f/p - black mamba
Aim: a black mamba (severely wounded, haloed, about 32% to evade your +0 war axe)
You slash the black mamba!
The black mamba is almost dead.
The black mamba bites you but does no damage. x2
Cleave: a) +0 war axe
Press: ? - help, Dir - move target, f/p - black mamba
Aim: a black mamba (almost dead, haloed, about 32% to evade your +0 war axe)
You slash the black mamba!
You kill the black mamba!
You see here a cane toad corpse.
You now have 630 gold pieces (gained 10).
You now have 651 gold pieces (gained 21).
Found a crystal plate armour.
You see here a +0 crystal plate armour.
You drop a +0 plate armour.
You start removing your armour.
You continue taking off the +0 scale mail of Filth {rN+ Str+5}. x4
You finish taking off the +0 scale mail of Filth {rN+ Str+5}.
You drop the +0 scale mail of Filth {rN+ Str+5}.
You start putting on your armour.
You continue putting on your +0 crystal plate armour. x3
HP restored.
You continue putting on your +0 crystal plate armour.
You finish putting on your +0 crystal plate armour.
Press: ? - help, v - describe, . - travel, g - get item
Items here: the +0 scale mail of Filth {rN+ Str+5}; a +0 plate armour.
The floor.
This square is lit by a halo.
Unknown command.
Unknown command.
Press: ? - help, v - describe, . - travel The floor.
This square is lit by a halo.
Found an escape hatch in the ceiling.
A blink frog comes into view.
The blink frog croaks.
A blink frog comes into view.
The blink frog moves out of view.
A blink frog comes into view.
You barely miss the blink frog.
The blink frog hits you but does no damage.
The blink frog barely misses you.
You closely miss the blink frog. You closely miss the blink frog.
The blink frog croaks.
You slash the blink frog!
The blink frog is lightly wounded.
You slash the blink frog!
The blink frog is heavily wounded.
You slash the blink frog!
The blink frog blinks!
The blink frog hits you but does no damage. x2
You closely miss the blink frog.
The blink frog is moderately wounded.
You slice the blink frog!!
You kill the blink frog!
The blink frog blinks!
You hit the blink frog.
The blink frog is lightly wounded.
The blink frog hits you.
You slash the blink frog!
The blink frog is severely wounded.
You hit the blink frog. The blink frog barely misses you.
The blink frog blinks!
You barely miss the blink frog.
The blink frog is moderately wounded.
The blink frog hits you but does no damage.
You hit the blink frog.
The blink frog is heavily wounded.
The blink frog hits you but does no damage.
The blink frog blinks!
The blink frog hits you.
The blink frog blinks!
The blink frog blinks! x2
No target in view!
No target in view!
You slash the plant!
The plant begins to die.
The plant is lightly damaged.
You hit the plant but do no damage.
The plant is lightly damaged.
The blink frog blinks! x2
A nearby plant withers and dies.
You slash the blink frog!
You kill the blink frog!
You hit the blink frog.
The blink frog is heavily wounded.
The blink frog barely misses you.
You hit the blink frog.
The blink frog is heavily wounded.
The blink frog hits you.
You hit the blink frog.
The blink frog is heavily wounded.
The blink frog hits you but does no damage.
You barely miss the blink frog.
The blink frog is heavily wounded.
The blink frog barely misses you.
The blink frog hits you but does no damage.
You slash the blink frog!
You kill the blink frog!
No target in view!
You see here a blink frog corpse.
There is a stone staircase leading down here.
You now have 670 gold pieces (gained 19).
Found 14 gold pieces.
You now have 684 gold pieces (gained 14).
There is a stone staircase leading down here.
You climb downwards.
There is a stone staircase leading up here.
There is a stone staircase leading down here.
You climb downwards.
There is a stone staircase leading up here.
Found a gold wand.
R - a wand of charming (4)
A five-headed hydra comes into view.
A water moccasin comes into view.
The water moccasin hisses angrily.
A cane toad comes into view.
The cane toad stings you but does no damage.
You hit the cane toad but do no damage. The cane toad stings you.
You barely miss the cane toad. The cane toad stings you!
You slash the cane toad!
The cane toad is lightly wounded.
You hit the water moccasin.
The water moccasin bites you but does no damage.
The cane toad stings you.
You hit the cane toad but do no damage.
The cane toad is lightly wounded.
You hit the water moccasin.
The water moccasin bites you but does no damage.
The cane toad stings you but does no damage.
The water moccasin bites you but does no damage.
You slash the water moccasin!
The water moccasin is heavily wounded.
You hit the cane toad but do no damage.
The cane toad stings you but does no damage.
b - a +4 flail (weapon)
Your shield is strengthened by the Shining One's divine power.
The cane toad stings you. You block the water moccasin's attack.
You block the five-headed hydra's attack.
The five-headed hydra bites you.
The five-headed hydra bites you but does no damage. x2
The five-headed hydra bites you.
You sock the five-headed hydra!
The five-headed hydra is lightly wounded.
The cane toad stings you! You block the water moccasin's attack.
The five-headed hydra bites you but does no damage.
The five-headed hydra barely misses you.
You block the five-headed hydra's attack.
The five-headed hydra bites you!
The five-headed hydra bites you but does no damage.
You sock the five-headed hydra!
The five-headed hydra is moderately wounded.
You block the cane toad's attack. You block the water moccasin's attack.
You sock the five-headed hydra!
The five-headed hydra is heavily wounded.
You block the cane toad's attack. You block the water moccasin's attack.
The five-headed hydra bites you!
* * * LOW HITPOINT WARNING * * *
The five-headed hydra bites you but does no damage. x4
The cane toad stings you but does no damage.
The water moccasin barely misses you.
You sock the five-headed hydra!
The five-headed hydra is severely wounded.
The five-headed hydra bites you but does no damage.
The five-headed hydra barely misses you.
The five-headed hydra bites you!
* * * LOW HITPOINT WARNING * * *
You block the five-headed hydra's attack. x2
The cane toad stings you but does no damage.
The water moccasin bites you but does no damage.
You thump the five-headed hydra!
The five-headed hydra is almost dead.
You block the five-headed hydra's attack.
The five-headed hydra bites you but does no damage. x2
You block the five-headed hydra's attack.
The five-headed hydra bites you but does no damage.
The water moccasin bites you but does no damage.
The cane toad stings you.
* * * LOW HITPOINT WARNING * * *
You bludgeon the five-headed hydra!!
You kill the five-headed hydra!
You block the water moccasin's attack. The cane toad stings you.
* * * LOW HITPOINT WARNING * * *
Your Axes skill increases to level 15!
a - a +0 war axe (weapon)
The water moccasin bites you but does no damage.
The cane toad stings you but does no damage.
You slash the cane toad!
The cane toad is moderately wounded.
You slash the water moccasin!
The water moccasin bites you but does no damage.
You block the cane toad's attack.
You slash the cane toad!
The cane toad is heavily wounded.
You barely miss the water moccasin. You block the water moccasin's attack.
You slash the cane toad!
The cane toad is severely wounded.
You hit the water moccasin but do no damage.
You block the cane toad's attack.
The water moccasin bites you but does no damage.
You hit the cane toad but do no damage.
The cane toad is severely wounded.
You hit the water moccasin but do no damage.
The cane toad stings you but does no damage.
The water moccasin bites you but does no damage.
You barely miss the cane toad.
The cane toad is severely wounded.
You slash the water moccasin!
You kill the water moccasin!
You block the cane toad's attack.
You hit the cane toad.
The cane toad is almost dead.
The cane toad stings you!
* * * LOW HITPOINT WARNING * * *
You slash the cane toad!
You kill the cane toad!
Found a long sword.
A five-headed hydra comes into view.
The five-headed hydra roars!
b - a +4 flail (weapon)
Throw: 11 boomerangs
Press: ? - help, Shift-Dir - straight line, f - five-headed hydra
Aim: a five-headed hydra (79% to hit)
You throw a boomerang.
The boomerang completely misses the five-headed hydra.
Throw: 11 boomerangs
Press: ? - help, Shift-Dir - straight line, f/p - five-headed hydra
Aim: a five-headed hydra (79% to hit)
You throw a boomerang.
The boomerang hits the five-headed hydra!
The five-headed hydra is lightly wounded.
Throw: 11 boomerangs
Press: ? - help, Shift-Dir - straight line, f/p - five-headed hydra
Aim: a five-headed hydra (lightly wounded, haloed, 97% to hit)
You throw a boomerang.
The boomerang hits the five-headed hydra!
The five-headed hydra is moderately wounded.
Your divine shield fades away.
Throw: 11 boomerangs
Press: ? - help, Shift-Dir - straight line, f/p - five-headed hydra
Aim: a five-headed hydra (moderately wounded, haloed, 97% to hit)
You throw a boomerang.
The boomerang hits the five-headed hydra!
The five-headed hydra is heavily wounded.
You sock the five-headed hydra!
The five-headed hydra is heavily wounded.
The five-headed hydra bites you but does no damage.
The five-headed hydra bites you!
The five-headed hydra bites you but does no damage. x2
The five-headed hydra bites you!
* * * LOW HITPOINT WARNING * * *
Hit: b) +4 flail
Press: ? - help, Dir - move target, f/p - five-headed hydra
Aim: a five-headed hydra (heavily wounded, haloed, about 3% to evade your +4 flail)
You hit the five-headed hydra.
The five-headed hydra is heavily wounded.
The five-headed hydra bites you but does no damage.
You block the five-headed hydra's attack.
The five-headed hydra bites you but does no damage. x2
The five-headed hydra barely misses you.
Hit: b) +4 flail
Press: ? - help, Dir - move target, f/p - five-headed hydra
Aim: a five-headed hydra (heavily wounded, haloed, about 3% to evade your +4 flail)
You sock the five-headed hydra!
The five-headed hydra is severely wounded.
The five-headed hydra bites you but does no damage.
You block the five-headed hydra's attack.
The five-headed hydra barely misses you.
The five-headed hydra bites you but does no damage. x2
Hit: b) +4 flail
Press: ? - help, Dir - move target, f/p - five-headed hydra
Aim: a five-headed hydra (severely wounded, haloed, about 3% to evade your +4 flail)
You hit the five-headed hydra.
The five-headed hydra is severely wounded.
The five-headed hydra bites you but does no damage. x2
The five-headed hydra bites you.
The five-headed hydra bites you but does no damage.
The five-headed hydra bites you.
* * * LOW HITPOINT WARNING * * *
Hit: b) +4 flail
Press: ? - help, Dir - move target, f/p - five-headed hydra
Aim: a five-headed hydra (severely wounded, haloed, about 3% to evade your +4 flail)
You bludgeon the five-headed hydra!!
The five-headed hydra is almost dead.
Hit: b) +4 flail
Press: ? - help, Dir - move target, f/p - five-headed hydra
Aim: a five-headed hydra (almost dead, haloed, about 3% to evade your +4 flail)
You sock the five-headed hydra!
You kill the five-headed hydra!
Your Fighting skill increases to level 11!
a - a +0 war axe (weapon)
Found 19 gold pieces.
You now have 703 gold pieces (gained 19).
Found 5 stones.
t - 68 stones (gained 5)
Found a stone staircase leading down.
There is a stone staircase leading down here.
You climb downwards.
The seven-headed hydra roars!
The wolf howls!
The black mamba hisses angrily.
The komodo dragon hisses angrily.
There is a stone staircase leading up here.
A wolf comes into view.
The wolf howls!
The wolf bites the fungus!
The fungus begins to die.
A wolf comes into view.
A komodo dragon comes into view.
An elephant comes into view.
The wolf howls!
You barely miss the komodo dragon.
The komodo dragon hisses angrily.
The elephant trumpets!
You slash the fungus!
The fungus begins to die.
You hear a trumpeting!
You hear a croak.
The wolf bites the fungus!
Something bites the fungus!
The wolf bites the fungus.
Something bites the fungus!
There is a stone staircase leading up here.
You hit the komodo dragon but do no damage.
Something bites the fungus!
The wolf bites the fungus!
Something bites the fungus!
The komodo dragon bites you but does no damage.
The wolf bites the fungus!
You hear an angry hiss.
You hit the komodo dragon.
The komodo dragon is lightly wounded.
A nearby fungus withers and dies.
The komodo dragon bites you but does no damage.
The wolf bites the fungus.
You slash the komodo dragon!
The komodo dragon is moderately wounded.
A nearby fungus withers and dies.
The komodo dragon completely misses you.
You slash the komodo dragon!
The komodo dragon is heavily wounded.
The komodo dragon bites you.
You slash the komodo dragon!
The komodo dragon is almost dead.
HP restored.
The komodo dragon bites you!
The seven-headed hydra bites you but does no damage. x5
The seven-headed hydra bites you! The seven-headed hydra bites you.
The wolf bites you.
You climb upwards.
There is a stone staircase leading down here.
Your shield is strengthened by the Shining One's divine power.
You block the komodo dragon's attack.
The seven-headed hydra barely misses you.
The seven-headed hydra bites you but does no damage. x2
You block the seven-headed hydra's attack.
The seven-headed hydra bites you but does no damage. x3
b - a +4 flail (weapon)
You block the komodo dragon's attack.
The seven-headed hydra barely misses you.
The seven-headed hydra bites you but does no damage.
The seven-headed hydra bites you!
The seven-headed hydra bites you but does no damage.
You block the seven-headed hydra's attack.
The seven-headed hydra bites you but does no damage. x2
You hit the komodo dragon.
The komodo dragon is almost dead.
The komodo dragon bites you but does no damage.
The seven-headed hydra bites you but does no damage. x2
You block the seven-headed hydra's attack.
The seven-headed hydra barely misses you.
The seven-headed hydra bites you but does no damage. x2
You block the seven-headed hydra's attack.
You barely miss the komodo dragon.
The komodo dragon is almost dead.
You block the komodo dragon's attack.
You hit the komodo dragon but do no damage.
The komodo dragon is almost dead.
The seven-headed hydra bites you.
The seven-headed hydra bites you but does no damage. x3
The seven-headed hydra barely misses you.
You block the seven-headed hydra's attack. x2
The komodo dragon completely misses you.
You sock the komodo dragon!
You kill the komodo dragon!
The seven-headed hydra bites you but does no damage.
You block the seven-headed hydra's attack. x2
The seven-headed hydra bites you but does no damage. x2
The seven-headed hydra barely misses you. x2
You thump the seven-headed hydra!
The seven-headed hydra is lightly wounded.
The seven-headed hydra bites you but does no damage.
You block the seven-headed hydra's attack.
The seven-headed hydra bites you but does no damage. x2
The seven-headed hydra bites you.
The seven-headed hydra bites you but does no damage.
The seven-headed hydra barely misses you.
You hit the seven-headed hydra.
The seven-headed hydra is lightly wounded.
You block the seven-headed hydra's attack.
The seven-headed hydra bites you!
* * * LOW HITPOINT WARNING * * *
The seven-headed hydra bites you.
* * * LOW HITPOINT WARNING * * *
The seven-headed hydra bites you but does no damage.
The seven-headed hydra bites you.
* * * LOW HITPOINT WARNING * * *
You block the seven-headed hydra's attack.
The seven-headed hydra bites you!
* * * LOW HITPOINT WARNING * * *
You hit the seven-headed hydra.
The seven-headed hydra is lightly wounded.
The seven-headed hydra bites you.
* * * LOW HITPOINT WARNING * * *
The seven-headed hydra bites you but does no damage. x3
You block the seven-headed hydra's attack. x2
The seven-headed hydra bites you!
* * * LOW HITPOINT WARNING * * *
Okay, then.
Press: ? - help, v - describe, . - travel
Here: a seven-headed hydra (lightly wounded, haloed)
The floor, spattered with blood.
Unknown command.
You are illuminated by a divine halo.
You are shielded by the power of the Shining One.
You are glowing.
Your movement speed is average.
Your attack delay is about 0.9.
Your damage rating with your +4 flail is about 21 (Base 10 x 125% (Str) x 143% (Skill) + 4 (Ench)).
Unknown command.
Okay, then.
Okay, then.
Okay, then.
Okay, then.
Okay, then.
Okay, then.
You feel better.
The seven-headed hydra bites you but does no damage.
You block the seven-headed hydra's attack.
The seven-headed hydra bites you!
* * * LOW HITPOINT WARNING * * *
You block the seven-headed hydra's attack.
The seven-headed hydra bites you.
* * * LOW HITPOINT WARNING * * *
The seven-headed hydra bites you but does no damage.
The seven-headed hydra barely misses you.
You feel better.
You block the seven-headed hydra's attack.
The seven-headed hydra bites you but does no damage.
The seven-headed hydra barely misses you.
The seven-headed hydra bites you but does no damage. x3
The seven-headed hydra bites you!
* * * LOW HITPOINT WARNING * * *
You feel better.
You block the seven-headed hydra's attack.
The seven-headed hydra bites you but does no damage. x2
You block the seven-headed hydra's attack.
The seven-headed hydra bites you but does no damage. x3
Hit: b) +4 flail
Press: ? - help, Dir - move target, f - seven-headed hydra
Aim: a seven-headed hydra (lightly wounded, haloed, about 3% to evade your +4 flail)
You bludgeon the seven-headed hydra!!
The seven-headed hydra is heavily wounded.
The seven-headed hydra barely misses you.
You block the seven-headed hydra's attack.
The seven-headed hydra bites you but does no damage.
The seven-headed hydra bites you!
* * * LOW HITPOINT WARNING * * *
You block the seven-headed hydra's attack.
The seven-headed hydra bites you but does no damage. x2
Hit: b) +4 flail
Press: ? - help, Dir - move target, f/p - seven-headed hydra
Aim: a seven-headed hydra (heavily wounded, haloed, about 3% to evade your +4 flail)
You bludgeon the seven-headed hydra!!
The seven-headed hydra is severely wounded.
The seven-headed hydra bites you but does no damage.
You block the seven-headed hydra's attack. x2
The seven-headed hydra bites you but does no damage. x4
Hit: b) +4 flail
Press: ? - help, Dir - move target, f/p - seven-headed hydra
Aim: a seven-headed hydra (severely wounded, haloed, about 3% to evade your +4 flail)
You sock the seven-headed hydra!
The seven-headed hydra is severely wounded.
You block the seven-headed hydra's attack.
The seven-headed hydra bites you.
* * * LOW HITPOINT WARNING * * *
The seven-headed hydra bites you!
You die...

###.. #.<..
..........
..#....... # .
#.#..... ####.
#.### #.....
#...#####...
.##...
###.....#.#..##
## ##..
#.....@....#..#
#.
#......D..PP..##
#..........P...#
#...........#..##
#...........P...#
#..............##
..
#..............##
...
###.............#
#...
##...........##
....


You could see a seven-headed hydra.

Vanquished Creatures
  Fannar (Lair:2)
  3 hydras
  Erica (Lair:2)
  2 two-headed ogres
  3 death yaks
  Nergalle (Lair:2)
  A skyshark (Lair:3)
  A lindwurm (Lair:3)
  9 elephants
  The ghost of Zagger the Ruffian, a novice TrSh of Lugonu (D:5)
  2 black mambas
  An unseen horror zombie (D:7)
  7 cane toads
  Maggie (D:7)
  4 komodo dragons
  A kobold demonologist (D:10)
  2 rime drakes
  A troll (D:9)
  A polar bear (Lair:3)
  A hornet (D:9)
  3 blink frogs (Lair:2)
  4 wyverns
  Eustachio (D:4)
  3 basilisks
  19 yaks
  A steam dragon (D:8)
  Menkaure (D:4)
  3 nagas (Lair:2)
  11 water moccasins
  An acid dragon (D:8)
  Duvessa (D:5)
  3 sky beasts
  5 orc warriors
  3 ice beasts
  3 black bears
  A centaur (D:9)
  5 wolves (Lair:3)
  2 ogres
  15 bullfrogs
  2 kobold brigands
  3 necrophages (D:7)
  2 gnoll sergeants
  Dowan (D:5)
  10 wights
  6 killer bees (D:8)
  A centaur zombie (D:7)
  A bullfrog zombie (D:7)
  A human zombie (D:7)
  A bombardier beetle (D:4)
  3 hounds
  Crazy Yiuf (D:5)
  6 orc priests
  A gnoll bouda (D:7)
  A sleepcap (D:4)
  Natasha (D:4)
  4 orc wizards
  2 hell rats (D:7)
  A mummy (D:7)
  A howler monkey zombie (D:7)
  10 gnolls
  3 adders
  A shadow imp (D:6)
  4 white imps
  2 ufetubi (D:5)
  A ribbon worm (D:4)
  30 orcs
  5 ball pythons
  4 bats
  5 endoplasms
  A giant cockroach (D:1)
  3 goblins
  4 hobgoblins
  3 jackals (D:5)
  2 quokkas
  5 kobolds
  3 rats
264 creatures vanquished.

Notes
Turn   | Place    | Note
-------+----------+-------------------------------------------
     0 | D:1      | jagoly the Gargoyle Monk began the quest for the Orb.
     0 | D:1      | Reached XP level 1. HP: 14/14 MP: 1/1
   162 | D:2      | Reached XP level 2. HP: 19/19 MP: 2/2
   202 | D:2      | Reached skill level 3 in Axes
   417 | D:2      | Identified the ring of Riggekeo {Ice rElec rN+++ Will-
                  | Str+6}
   621 | D:4      | Reached skill level 1 in Armour
   621 | D:4      | Reached XP level 3. HP: 23/23 MP: 3/3
   660 | D:4      | Noticed Eustachio
   663 | D:4      | Noticed Menkaure
   696 | D:4      | Reached XP level 4. HP: 29/29 MP: 4/4
   716 | D:4      | Killed Menkaure
   717 | D:4      | Reached skill level 4 in Axes
   717 | D:4      | Reached XP level 5. HP: 5/33 MP: 5/5
   723 | D:4      | Killed Eustachio
   829 | D:4      | Noticed Natasha
   832 | D:4      | Killed Natasha
   833 | D:4      | Reached XP level 6. HP: 39/39 MP: 6/6
   917 | D:5      | Entered Level 5 of the Dungeon
   952 | D:5      | Noticed Duvessa
   969 | D:5      | Killed Duvessa
   986 | D:5      | Noticed Dowan
  1006 | D:5      | Reached skill level 5 in Axes
  1006 | D:5      | Reached XP level 7. HP: 28/44 MP: 7/7
  1008 | D:5      | Killed Dowan
  1009 | D:5      | Reached skill level 5 in Fighting
  1079 | D:5      | Found a runed translucent door.
  1083 | D:5      | Noticed Zagger's ghost (novice TrSh)
  1199 | D:5      | Found a runed translucent door.
  1200 | D:5      | Noticed Crazy Yiuf
  1207 | D:5      | Killed Crazy Yiuf
  1365 | D:6      | Found a shimmering altar of Xom.
  1379 | D:6      | Reached skill level 6 in Axes
  1416 | D:6      | Reached XP level 8. HP: 51/51 MP: 8/8
  1426 | D:6      | Found a shimmering blue altar of Sif Muna.
  1458 | D:6      | Found a staircase to the Ecumenical Temple.
  1474 | Temple   | Entered the Ecumenical Temple
  1570 | D:6      | Found a hide-covered altar of Uskayaw.
  1770 | D:5      | Found a shadowy altar of Dithmenos.
  1806 | D:5      | Found a white marble altar of Elyvilon.
  1837 | D:5      | Reached skill level 5 in Armour
  1978 | D:5      | Killed Zagger's ghost
  1979 | D:5      | Reached skill level 7 in Axes
  2535 | D:3      | Found a glowing golden altar of the Shining One.
  2544 | D:3      | Became a worshipper of the Shining One
  2544 | D:3      | Reached * piety under the Shining One
  2544 | D:3      | Reached ** piety under the Shining One
  2760 | D:7      | Reached XP level 9. HP: 56/56 MP: 9/9
  2770 | D:7      | Noticed Maggie
  2786 | D:7      | Killed Maggie
  2787 | D:7      | Reached skill level 8 in Axes
  2866 | D:8      | Noticed a death yak
  2896 | D:8      | Noticed a death yak
  2897 | D:8      | Noticed a death yak
  2920 | D:7      | Killed a death yak
  2921 | D:7      | Reached skill level 9 in Axes
  2994 | D:7      | Found a basalt altar of Yredelemnul.
  3026 | D:7      | Reached skill level 10 in Axes
  3026 | D:7      | Reached XP level 10. HP: 49/64 MP: 10/10
  3053 | D:7      | Reached *** piety under the Shining One
  3222 | D:8      | Found an ancient bone altar of Kikubaaqudgha.
  3241 | D:8      | Noticed a two-headed ogre
  3266 | D:7      | Killed a two-headed ogre
  3267 | D:7      | Reached skill level 11 in Axes
  3431 | D:8      | Found a hazy altar of Hepliaklqana.
  3471 | D:8      | Found a glowing silver altar of Zin.
  3498 | D:8      | Found a staircase to the Lair.
  3556 | D:8      | Found a radiant altar of Vehumet.
  3676 | D:10     | Entered Level 10 of the Dungeon
  3765 | D:9      | Reached skill level 12 in Axes
  3977 | D:10     | Noticed a two-headed ogre
  3991 | D:10     | Killed a two-headed ogre
  4020 | D:10     | Noticed a kobold demonologist
  4031 | D:10     | Noticed a soul eater
  4042 | D:10     | Killed a kobold demonologist
  4043 | D:10     | Reached XP level 11. HP: 68/68 MP: 11/11
  4064 | D:10     | Reached skill level 13 in Axes
  4076 | D:11     | Reached **** piety under the Shining One
  4241 | D:10     | Identified the +0 scale mail of Filth {rN+ Str+5}
  4350 | D:9      | Found a stormy altar of Qazlal.
  4794 | D:7      | The Shining One protects you from harm!
  4797 | D:7      | Killed a death yak
  4952 | D:8      | Killed a death yak
  4953 | D:8      | Reached skill level 1 in Invocations
  4984 | Lair:1   | Entered Level 1 of the Lair of Beasts
  4991 | Lair:1   | Reached skill level 1 in Throwing
  5109 | D:8      | Reached skill level 14 in Axes
  5136 | D:8      | HP: 3/69 [elephant (7)]
  5294 | Lair:1   | Reached skill level 5 in Shields
  5324 | Lair:1   | Reached XP level 12. HP: 67/75 MP: 13/13
  5335 | Lair:2   | Noticed Fannar
  5370 | Lair:2   | Killed Fannar
  5487 | Lair:2   | Noticed Erica
  5490 | Lair:2   | Noticed a skyshark
  5510 | Lair:3   | Killed a skyshark
  5672 | Lair:3   | Reached skill level 5 in Dodging
  5787 | Lair:3   | Noticed a seven-headed hydra
  5796 | Lair:3   | Killed a seven-headed hydra
  5974 | Lair:3   | Reached skill level 10 in Fighting
  6074 | Lair:2   | Killed Erica
  6077 | Lair:2   | Reached XP level 13. HP: 74/82 MP: 11/14
  6130 | Lair:2   | Noticed Nergalle
  6142 | Lair:2   | Killed Nergalle
  6201 | Lair:2   | Found a staircase to the Snake Pit.
  6517 | Lair:4   | Reached skill level 15 in Axes
  6621 | Lair:5   | Entered Level 5 of the Lair of Beasts
  6646 | Lair:4   | Slain by a seven-headed hydra

Illustrated notes

Levels and vault maps discovered:
D:1:      hellmonk_arrival_library, layout_basic
D:2:      layout_loops_cross
D:3:      layout_loops_ring, mainiacjoe_overflow_alcove_2
D:4:      layout_loops_cross, gammafunk_ghost_cemetery, uniq_natasha,
          uniq_eustachio, uniq_menkaure
D:5:      layout_basic, mainiacjoe_overflow_tiny_flanked,
          nicolae_dithmenos_through_a_glass_darkly,
          hellmonk_ghost_happy_afterlife, uniq_blork_the_orc,
          uniq_crazy_yiuf_cottage, uniq_duvessa
D:6:      layout_loops_ring, mainiacjoe_overflow_six_doors_small,
          mainiacjoe_overflow_brackets,
          nicolae_uskayaw_murder_on_the_dancefloor,
          minmay_temple_entry_poolview, kennysheep_generic_room_9
D:7:      layout_basic, lemuel_mausoleum_altar_yredelemnul,
          dreamdust_mushroom_princess, uniq_maggie
D:8:      minmay_inner_zag, layout_gridville, kennysheep_mini_moat,
          mainiacjoe_overflow_cross_hatched, mainiacjoe_overflow_big_doors,
          dpeg_lair_monsters
D:9:      layout_stronghold, lemuel_doored_altar, minivault_11, moated_statue
D:10:     layout_cave_pools, erik_orc_1, serial_library_hellmonk_layered_room
D:11:     layout_long_grid, serial_co_window_serial, co_window_corner_a,
          co_window_paths_b, co_window_of_opportunity_a, co_window_paths_a,
          co_window_paths_a, co_window_paths_b, co_window_broadway_a,
          co_window_unsneaky_path_b, co_window_broadway_a, co_window_broadway_c,
          co_window_paths_e, co_window_4corner_b, glass_columns_a,
          glass_columns_a, glass_columns_b, hangedman_abyss_or_decor_stagger,
          tso_altar
Temple:   nicolae_temple_bog_church
Lair:1:   layout_hall_layers
Lair:2:   layout_chaotic_city, nicolae_snake_entry_squirm, beast_lair_carwin_9,
          grunt_megastairs_1, uniq_erica, uniq_nergalle, uniq_fannar
Lair:3:   layout_cave_pods, elwin_shoals_entry_rooms,
          chequers_serial_rivers_micro_c, grunt_megastairs_4,
          infiniplex_staircase_pool
Lair:4:   layout_cave_pods
Lair:5:   hangedman_lair_in_review, layout_loops_ring, wormcave, slime_entry_2

Skill      XL: |  1  2  3  4  5  6  7  8  9 10 11 12 13 |
---------------+----------------------------------------+-----
Axes           | 3 4 5 6 7 10 12 14 15 | 15.0
Armour         | 1 2 3 4 5 6 8 9 |  9.6
Fighting       | 4 5 6 8 10 11 | 11.0
Dodging        | 3 5 |  5.0
Invocations    | 2 |  2.0
Throwing       | 2 |  2.0
Shields        | 5 6 |  6.0

Action                     |  1- 3 |  4- 6 |  7- 9 | 10-12 | 13-15 || total
---------------------------+-------+-------+-------+-------+-------++-------
  Melee: Hand axe          |    12 |       |       |       |       ||    12
         Mace              |    35 |    30 |    14 |       |       ||    79
         War axe           |       |       |    44 |   602 |   101 ||   747
         Flail             |       |       |   211 |    68 |    22 ||   301
  Throw: Dart              |       |     5 |     1 |    28 |     1 ||    35
         Stone             |       |     1 |     1 |     8 |       ||    10
         Boomerang         |       |       |       |     5 |     4 ||     9
 Invoke: Divine Shield     |       |       |     1 |     7 |     2 ||    10
  Evoke: Wand              |       |       |     6 |     5 |       ||    11
    Use: Potion            |       |     1 |       |       |     3 ||     4
         Scroll            |       |       |       |     4 |       ||     4
 Armour: Robe              |     8 |       |       |       |       ||     8
         Scale mail        |    15 |       |       |   403 |    49 ||   467
         Chain mail        |    15 |    41 |   243 |    81 |       ||   380
         Plate armour      |       |       |       |   144 |       ||   144
         Crystal plate arm |       |       |       |       |   141 ||   141
  Dodge: Dodged            |    48 |    15 |   110 |   315 |    48 ||   536
  Block: Buckler           |       |       |       |    84 |    59 ||   143
